 Dungeon Crawl Stone Soup version 0.19-a0-14-gde87d98 (webtiles) character file.

385021 Karasique the Crack Shot (level 21, -1/174 HPs)
             Began as a Centaur Chaos Knight on Apr 26, 2016.
             Slain by a flying skull (8 damage)
             ... on level 3 of the Abyss on Apr 29, 2016.
             The game lasted 03:31:33 (48442 turns).

Karasique the Crack Shot (Centaur Chaos Knight)    Turns: 48442, Time: 03:31:34

Health: -1/174     AC: 20    Str: 18 (19) XL:     21   Next: 98%
Magic:  37/37      EV: 12    Int: -2 (11) God:    Xom [...*..]
Gold:   2985       SH:  0    Dex: 17      Spells: 0 memorised, 20 levels left

rFire  + + +     SeeInvis .     q - +7 rapier "Udghiystu" {venom, rF+ rN+ Dex+3}
rCold  . . .     Gourm    .     P - +1 leather armour of Sif Muna's Hatred {Dex+3 Slay+3}
rNeg   + . .     Faith    .     (no shield)
rPois  +         Spirit   .     (helmet restricted)
rElec  .         Dismiss  .     i - +0 cloak {rPois}
rCorr  .         Reflect  .     M - +2 pair of gloves
SustAt .         Harm     .     Y - +0 centaur barding {Stlth+}
MR     +....                    j - amulet of regeneration
Stlth  +++.......               n - +5 ring of slaying
                                X - ring "Qonups" {*Confuse rF++ MP+9 Slay+3 Stlth+}

@: confused, slowed, lost intelligence, somewhat resistant to hostile
enchantments, fairly stealthy
A: beak, hooves 3, slimy green scales 1, blurry vision 2, clumsy 2, deformed
body, deterioration 1, speed 2, frail 1, tough skin 3, no device heal 1
a: Renounce Religion
}: 2/15 runes: decaying, serpentine


You were on level 3 of the Abyss.
You worshipped Xom.
You were a favourite toy of Xom.
You were hungry.

You visited 7 branches of the dungeon, and saw 38 of its levels.
You visited the Abyss 2 times.
You also visited: Labyrinth and Sewer.

You collected 6277 gold pieces.
You spent 3292 gold pieces at shops.

Inventory:

Hand Weapons
 q - the +7 rapier "Udghiystu" (weapon) {venom, rF+ rN+ Dex+3}
   (You found it on level 2 of the Abyss)

   It poisons the flesh of those it strikes.
   It affects your dexterity (+3).
   It protects you from fire.
   It protects you from negative energy.
 w - a +8 longbow of freezing
Missiles
 H - 485 arrows
Armour
 i - a +0 cloak of poison resistance (worn)
 M - a +2 pair of gloves (worn)
 P - the +1 leather armour of Sif Muna's Hatred (worn) {Dex+3 Slay+3}
   (You found it on level 11 of the Dungeon)

   It affects your dexterity (+3).
   It affects your accuracy and damage with ranged weapons and melee attacks
   (+3).
 Y - a +0 centaur barding of stealth (worn)
Rods
 Q - a +0 rod of shadows (10/10)
   (You found it on level 8 of the Dungeon)
Jewellery
 j - an amulet of regeneration (around neck)
 n - a +5 ring of slaying (right hand)
 X - the ring "Qonups" (left hand) {*Confuse rF++ MP+9 Slay+3 Stlth+}
   (You found it on level 2 of the Abyss)

   [ring of slaying]

   It affects your accuracy and damage with ranged weapons and melee attacks
   (+3).
   It greatly protects you from fire.
   It affects your magic capacity (+9).
   It may confuse you when you take damage.
   It makes you more stealthy.
Wands
 d - a wand of hasting (6/9)
 r - a wand of acid (6/15)
 t - a wand of disintegration (11/24)
 B - a wand of digging (11/24)
 J - a wand of iceblast (6/15)
 L - a wand of heal wounds (3/9)
 O - a wand of teleportation (3/9)
Scrolls
 b - 14 scrolls of identify
 e - 12 scrolls of teleportation
 g - 5 scrolls of recharging
 p - a scroll of fear
 v - 18 scrolls of remove curse
 y - a scroll of holy word
 z - 5 scrolls of amnesia
 E - 5 scrolls of magic mapping
 N - 2 scrolls of enchant armour
 R - a scroll of fog
 U - 4 scrolls of immolation
 V - a scroll of silence {unknown}
 Z - 2 scrolls of blinking
Potions
 c - 4 potions of heal wounds
 f - 2 potions of agility
 h - 5 potions of flight
 k - a potion of brilliance
 l - 3 potions of berserk rage
 m - a potion of ambrosia
 o - a potion of cancellation
 u - 5 potions of haste
 x - 2 potions of resistance
 A - 3 potions of might
 G - 4 potions of magic
 I - a potion of invisibility
Books
 S - a book of the Warp

   Spells                             Type                      Level
   a - Recall                         Summoning/Translocation      3
   b - Gell's Gravitas                Hexes/Translocation          3
   c - Force Lance                    Conjuration/Translocation    4
   d - Warp Weapon                    Charms/Translocation         5
   e - Summon Forest                  Summoning/Translocation      5
Miscellaneous
 C - an ornate deck of defence {drawn: 3}
 D - a lamp of fire
 F - a phantom mirror
 K - a sack of spiders
Comestibles
 a - 15 meat rations
 T - 8 fruits


   Skills:
 + Level 18.0 Fighting
 - Level 10.4 Short Blades
   Level 6.5(7.9) Maces & Flails
   Level 6.7(8.0) Staves
 * Level 23.7 Bows
 + Level 13.2 Armour
 - Level 7.3 Dodging
 - Level 10.5 Evocations


You had 20 spell levels left.
You didn't know any spells.

Dungeon Overview and Level Annotations

Branches:
Dungeon (15/15)            Temple (0/1) D:7            Lair (8/8) D:9
  Swamp (4/4) Lair:6        Snake (4/4) Lair:3        Slime (0/6) Lair:6
    Orc (2/2) D:9             Elf (1/3) Orc:2        Vaults (4/5) D:14
  Crypt (0/3) Vaults:2     Depths (0/5) D:15

Altars:
Dithmenos
Elyvilon
Fedhas
Gozag
Makhleb
Pakellas
Qazlal
Ru
Sif Muna
Vehumet
Xom
Beogh
Jiyva

Shops:
D:10 [   Orc:1 (}%}=   Orc:2 (([*(   Elf:1 ?   Snake:1 *   Vaults:1 !
Vaults:2 }*

Portals:
Trove: Vaults:3 (give +3 ice dragon armour)

Annotations:
Elf:1 Nikola


Innate Abilities, Weirdness & Mutations

You have hooves in place of feet.
Armour fits poorly on your strangely shaped body.
You cover ground very quickly.
You have extremely tough skin (AC +3).
You have a beak for a mouth.
You are partially covered in slimy green scales (AC +2).
Scrolls take you longer to read.
You are very clumsy. (Dex -4)
Your body sometimes deteriorates upon taking damage.
You are frail (-10% HP).
Potions and wands are less effective at restoring your health.


Message History

The flying skull barely misses you.
The golden eye blinks!
The small abomination hits you.
The white imp grins evilly.
The small abomination closely misses you.
Two macabre masses merge.
The golden eye blinks!
The golden eye blinks at you.
You are more confused.
The flying skull closely misses you. The large abomination hits you.
You hit the small abomination but do no damage.
You kick the small abomination!
The small abomination is moderately damaged.
The golden eye blinks at you.
You easily resist.
The small abomination barely misses you.
The giant orange brain pulsates.
You are more confused.
The small abomination hits you but does no damage.
The golden eye blinks!
The flying skull hits you!
You die...
Xom bursts into laughter! #.##.# GzG#x . #### .. xW3(.## #5G...#.# X#2X.#φ≈ ###xGhGX#z# #X@xxhXX###

#3z#####X..
#G5#≈..#...x
#xh##.##.##
#.5hx.#G.#
###...≈..#
##...###
#####


You could see a cacodemon, 2 shining eyes, 3 giant orange brains, an ancient
zyme, 3 thrashing horrors, 4 large abominations, 4 raiju, 2 neqoxecs, 4 small
abominations, a shadow, 3 flying skulls, an iron imp, 2 golden eyes, 2 white
imps and 2 macabre masses.

Vanquished Creatures
  2 tentacled monstrosities (Vaults:4)
  A lich (Vaults:3)
  Asterion (Snake:1)
  A sphinx (Vaults:1)
  A tengu reaver (Vaults:4)
  3 fire giants (Vaults:4)
  9 greater nagas
  A ghost moth (Lair:8)
  A deep elf sorcerer (Vaults:3)
  4 vault wardens
  An orc warlord (Orc:2)
  10 ironheart preservers
  3 stone giants
  A vampire knight (Vaults:2)
  A war gargoyle (Vaults:3)
  Azrael (D:14)
  A salamander stormcaller (Vaults:1)
  An apis (Vaults:1)
  A deep elf demonologist (Vaults:1)
  5 ettins
  3 deep elf annihilators (Vaults:4)
  An eidolon (Vaults:2)
  A crystal guardian (Vaults:4)
  6 yaktaur captains
  A deep elf death mage (Vaults:4)
  3 fire dragons (Swamp:4)
  A minotaur (Lab)
  A great orb of eyes (Swamp:2)
  An ice dragon (Vaults:4)
  19 hydras
  12 naga warriors
  2 ghost crabs
  9 anacondas
  A catoblepas (Lair:8)
  A tengu warrior (D:13)
  Erolcha (D:10)
  11 ogre magi
  8 centaur warriors
  7 alligators
  A satyr (Swamp:2)
  6 death yaks
  A dancing weapon (Elf:1)
  2 queen ants
  2 orc high priests (Orc:2)
  The ghost of Chiseanne the Skirmisher, a novice TrMo of the Shining One (D:7)
  6 naga sharpshooters
  8 shock serpents
  7 deep elf knights
  A hell knight (D:15)
  2 fire crabs
  A titan skeleton (Vaults:3)
  3 wizards
  8 sea snakes (Snake:4)
  10 skeletal warriors
  5 unseen horrors
  8 swamp dragons
  3 shadow wraiths
  2 deep trolls (Vaults:1)
  2 flayed ghosts (Vaults:4)
  3 naga ritualists
  2 deep elf archers
  2 unseen horrors (shapeshifter)
  2 shambling mangroves (Swamp:3)
  A lindwurm (Swamp:4)
  6 ironbrand convokers
  7 hill giants
  The ghost of dvd the Quickloader, a novice MiHu (D:8)
  2 phantasmal warriors
  4 orc sorcerers
  A harpy (Swamp:1)
  11 orc knights
  28 deep elf magi
  3 necromancers
  19 ugly things
  3 wolf spider zombies
  A manticore (D:11)
  A faun (Orc:1)
  7 hornets
  10 mana vipers
  A shining eye (shapeshifter) (D:14)
  6 wolf spiders
  2 cyclopes (D:13)
  5 griffons
  16 elephants
  A salamander (Snake:4)
  3 salamanders (shapeshifter)
  Joseph (D:7)
  7 guardian serpents
  Maurice (D:11)
  A torpor snail (Lair:3)
  An octopode (shapeshifter) (Vaults:4)
  29 black mambas
  Psyche (D:12)
  2 gargoyles
  21 naga magi
  10 vault sentinels
  A large abomination (Abyss:2)
  26 spiny frogs
  A rime drake (Lair:6)
  A spiny frog (shapeshifter) (Vaults:3)
  8 komodo dragons
  2 efreet
  12 yaktaurs
  2 freezing wraiths
  A tengu conjurer (D:13)
  A kobold demonologist (Vaults:3)
  A guardian mummy (Vaults:3)
  A tengu simulacrum (Vaults:1)
  A queen bee (shapeshifter) (Vaults:1)
  6 trolls
  2 giant leeches
  2 polar bears (Lair:6)
  A sphinx simulacrum (Vaults:3)
  4 boulder beetles
  12 bog bodies
  19 two-headed ogres
  A raiju (Abyss:2)
  35 slime creatures
  23 blink frogs
  A frost giant simulacrum (Vaults:1)
  A snapping turtle (Snake:4)
  3 shadows
  9 redbacks
  4 wraiths
  6 wyverns
  A vampire (D:10)
  2 fire elementals
  71 yaks
  A yak (shapeshifter) (Vaults:1)
  8 basilisks
  2 hogs (Lair:7)
  8 hippogriffs
  A golden eye (Abyss:3)
  4 steam dragons
  Menkaure (D:7)
  8 hungry ghosts (Lab)
  12 insubstantial wisps
  13 vampire mosquitoes
  2 spatial vortices
  64 nagas
  5 mottled dragons
  21 swamp worms
  7 soldier ants
  5 wargs
  4 hell hounds (D:14)
  16 water moccasins
  Duvessa (D:7)
  8 swamp drakes
  47 orc warriors
  15 porcupines
  A sky beast (D:10)
  8 ice beasts
  A phantom (D:5)
  10 wasps
  3 eyes of draining
  A black bear (D:9)
  An ice dragon simulacrum (Vaults:1)
  3 necrophages
  An ogre (shapeshifter) (Lair:2)
  15 wolves
  An elf zombie (Vaults:1)
  39 ogres
  8 centaurs
  An elf simulacrum (Vaults:1)
  19 crocodiles
  2 big kobolds
  18 giant frogs
  An earth elemental (Elf:1)
  2 human skeletons
  A wyvern zombie (D:14)
  Dowan (D:7)
  2 scorpions
  6 killer bees
  3 wights (D:6)
  4 howler monkeys
  2 spriggan skeletons (D:9)
  A troll skeleton (D:9)
  3 electric eels (Lair:1)
  5 crimson imps
  A giant frog zombie (D:12)
  A yaktaur simulacrum (Vaults:1)
  3 centaur zombies
  6 hounds
  3 jellies
  A wyvern simulacrum (D:14)
  16 orc priests
  8 centaur skeletons
  2 giant frog skeletons
  An iron imp (D:9)
  10 iguanas
  25 orc wizards
  7 hell rats
  29 worker ants
  22 sheep
  A hound zombie (D:11)
  A hound skeleton (D:4)
  6 gnolls
  18 adders
  48 river rats
  3 shadow imps
  2 oozes
  An adder skeleton (D:4)
  2 worms
  4 dart slugs
  7 giant geckos
  117 orcs
  4 giant cockroaches
  15 hobgoblins
  A quokka (D:7)
  A ball python (shapeshifter) (D:5)
  4 ball pythons
  5 bats
  11 giant newts
  4 goblins
  A jackal skeleton (D:7)
  13 kobolds
  14 rats
  2 crawling corpses (Vaults:4)
  A fire vortex (Swamp:4)
  A plant (Lair:3)
1538 creatures vanquished.

Vanquished Creatures (collateral kills)
  Rupert (Lair:4)
  Frances (D:12)
  Kirke (Lair:7)
  A yaktaur captain (Vaults:2)
  A hydra (Lair:6)
  A catoblepas (Lair:4)
  A wolf spider (shapeshifter) (D:14)
  2 elephants (Lair:5)
  A shock serpent zombie (Abyss:2)
  A torpor snail (Lair:8)
  6 spiny frogs
  3 komodo dragons
  A yaktaur (Vaults:2)
  2 blink frogs
  2 bog bodies (Swamp:2)
  13 yaks
  3 hogs (Lair:7)
  5 water moccasins
  2 phantoms
  An ice beast (Lair:3)
  An ogre (D:6)
  A wolf (Lair:8)
  A crocodile (Lair:8)
  A small abomination (Abyss:2)
  2 wights (D:6)
  A crimson imp (D:5)
  An orc priest (Orc:1)
  A sheep (Lair:5)
  An adder (D:6)
  A river rat (Lair:2)
  A shadow imp (D:6)
  5 orcs
  A fungus (Lair:8)
  A plant (Lair:8)
68 creatures vanquished.

Vanquished Creatures (others)
  A thrashing horror (Abyss:2)
  A lindwurm (Swamp:4)
  A worldbinder (Abyss:2)
  A black mamba (Snake:1)
  A yaktaur (D:14)
  A yak (Lair:5)
  A vampire mosquito (Swamp:4)
  A steam dragon (Swamp:4)
  3 swamp drakes (Swamp:4)
  A human skeleton (Vaults:1)
  A howler monkey (D:9)
  44 fungi
  46 plants
  2 starspawn tentacles (Abyss:2)
105 creatures vanquished.

Grand Total: 1711 creatures vanquished

Notes
Turn   | Place    | Note
--------------------------------------------------------------
     0 | D:1      | Karasique the Centaur Chaos Knight began the quest for the Orb.
     0 | D:1      | Reached XP level 1. HP: 19/19 MP: 1/1
     3 | D:1      | XOM: divination: detect items
   290 | D:1      | Reached XP level 2. HP: 26/26 MP: 2/2
   843 | D:2      | Reached XP level 3. HP: 31/31 MP: 3/3
  1003 | D:2      | Noticed Sigmund
  1003 | D:2      | Noticed Sigmund
  1003 | D:2      | Sigmund changed into Sigmund the centaur
  1003 | D:2      | XOM: polymorph Sigmund -> Sigmund the centaur
  1029 | D:3      | Found an oddly glowing altar of Pakellas.
  1044 | D:3      | XOM: 2-stop teleportation journey
  1172 | D:3      | Reached XP level 4. HP: 23/40 MP: 4/4
  1230 | D:3      | XOM: scenery: create altars
  1543 | D:3      | You fall through a shaft!
  1551 | D:4      | Reached XP level 5. HP: 47/47 MP: 5/5
  1585 | D:4      | XOM: scenery: create altars
  1591 | D:4      | Noticed an ogre
  1597 | D:4      | XOM: enchant monster (bad)
  1608 | D:4      | Killed an ogre
  1608 | D:4      | Reached skill level 5 in Fighting
  1618 | D:4      | XOM: cast spell 'Cause Fear'
  1619 | D:4      | Found a glowing drain.
  1633 | Sewer    | Entered a sewer
  1659 | Sewer    | Reached XP level 6. HP: 49/56 MP: 6/6
  1867 | Sewer    | XOM: colour smoke trail
  1960 | Sewer    | XOM: confuse monster(s)
  2047 | D:4      | XOM: divination: detect creatures
  2048 | D:4      | Gained mutation: You tend to lose your temper in combat. [potion of mutation]
  2048 | D:4      | Gained mutation: Your spells are a little easier to cast, but a little less powerful. [potion of mutation]
  2048 | D:4      | Gained mutation: You are frail (-10% HP). [potion of mutation]
  2061 | D:4      | Reached skill level 5 in Maces & Flails
  2082 | D:4      | XOM: cast spell 'Summon Ice Beast'
  2096 | D:4      | Got a warped ring mail
  2116 | D:4      | Identified the +6 ring mail "Vusuklef" {*Confuse +Fly Str+2 Dex+2} (You found it on level 4 of the Dungeon)
  2123 | D:4      | XOM: silly message
  2373 | D:4      | Gained mutation: You have supernaturally acute eyesight. [potion of mutation]
  2373 | D:4      | Gained mutation: You possess an exceptional clarity of mind. [potion of mutation]
  2373 | D:4      | Gained mutation: Your movements are slightly less encumbered by armour (ER -2). [potion of mutation]
  2492 | D:4      | XOM: harmless Air miscast
  2507 | D:4      | Noticed Natasha
  2510 | D:4      | Noticed Natasha
  2510 | D:4      | Natasha changed into Natasha the hell rat
  2510 | D:4      | XOM: polymorph Natasha -> Natasha the hell rat
  2515 | D:4      | Killed Natasha the hell rat
  2592 | D:4      | XOM: scenery: create altars
  3172 | D:2      | Killed Sigmund the centaur
  3172 | D:2      | Reached XP level 7. HP: 44/56 MP: 7/7
  3259 | D:2      | XOM: vitrification
  3425 | D:5      | Entered Level 5 of the Dungeon
  3659 | D:5      | Found a white marble altar of Elyvilon.
  3733 | D:5      | XOM: enchant monster (good)
  3751 | D:5      | XOM: potion effect (berserk rage)
  4032 | D:6      | XOM: summons 2 friendly demons
  4047 | D:6      | Reached skill level 1 in Dodging
  4047 | D:6      | Reached XP level 8. HP: 57/63 MP: 8/8
  4058 | D:6      | XOM: summons friendly crimson imp
  4063 | D:6      | XOM: 1-stop teleportation journey
  4108 | D:6      | XOM: scenery: 1 doors close
  4149 | D:6      | XOM: 6-stop teleportation journey
  4173 | D:6      | XOM: fake destruction
  4237 | D:6      | XOM: summons 4 friendly demons
  4381 | D:6      | XOM: scenery: create altars
  4386 | D:6      | Reached skill level 1 in Bows
  4754 | D:7      | Noticed Joseph
  4765 | D:6      | XOM: summons friendly iron imp
  4772 | D:6      | XOM: chaos upgrade
  4799 | D:6      | XOM: harmless Trmt miscast
  4818 | D:7      | Noticed Dowan
  4820 | D:7      | Noticed Duvessa
  4820 | D:7      | XOM: harmless Conj miscast
  4832 | D:7      | XOM: harmless Divn miscast
  4835 | D:7      | Killed Duvessa
  4835 | D:7      | Reached skill level 2 in Bows
  4838 | D:7      | Killed Dowan
  4850 | D:7      | XOM: enchant monster (bad)
  4911 | D:7      | Noticed Menkaure
  4912 | D:7      | Found a staircase to the Ecumenical Temple.
  4916 | D:7      | Killed Menkaure
  4916 | D:7      | Reached skill level 3 in Bows
  5113 | D:7      | XOM: chaos upgrade
  5124 | D:7      | Killed Joseph
  5124 | D:7      | Reached skill level 4 in Bows
  5124 | D:7      | Reached XP level 9. HP: 25/70 MP: 9/9
  5185 | D:7      | Found an opulent altar of Gozag.
  5217 | D:7      | XOM: enchant monster (bad)
  5358 | D:7      | Found a blossoming altar of Fedhas.
  5480 | D:7      | Noticed Chiseanne's ghost (novice TrMo)
  5480 | D:7      | Found a radiant altar of Vehumet.
  5504 | D:7      | XOM: destruction
  5507 | D:7      | XOM: enchant monster (good)
  5542 | D:7      | Killed Chiseanne's ghost
  5542 | D:7      | Reached skill level 1 in Staves
  5542 | D:7      | Reached skill level 5 in Bows
  5614 | D:7      | XOM: god gift: 550 gold pieces
  5616 | D:7      | Found a deep blue altar of Sif Muna.
  5621 | D:7      | XOM: scenery: 2 fountains blood, 1 doors close
  5682 | D:8      | Noticed dvd's ghost (novice MiHu)
  5689 | D:8      | XOM: swap monsters
  5700 | D:8      | XOM: 10-stop teleportation journey
  5786 | D:8      | XOM: cast spell 'Olgreb's Toxic Radiance'
  5815 | D:8      | XOM: chaos cloud
  5960 | D:8      | XOM: noise
  6093 | D:8      | XOM: 3-stop teleportation journey
  6168 | D:8      | XOM: divination: magic mapping
  6181 | D:8      | Found a sacrificial altar of Ru.
  6206 | D:8      | Identified a +0 rod of shadows (10/10) (You found it on level 8 of the Dungeon)
  6222 | D:8      | XOM: potion effect (berserk rage)
  6363 | D:8      | XOM: divination: detect items
  6387 | D:8      | XOM: divination: detect items
  6388 | D:8      | XOM: summons friendly shadow imp
  6399 | D:8      | Killed dvd's ghost
  6557 | D:8      | XOM: 3-stop teleportation journey
  6583 | D:8      | XOM: silly message
  6623 | D:8      | XOM: mild Tloc miscast
  6770 | D:9      | XOM: noise
  6846 | D:9      | XOM: scenery: create altars
  6872 | D:9      | Found a staircase to the Orcish Mines.
  6912 | D:9      | XOM: 3-stop teleportation journey
  6927 | D:9      | Reached skill level 6 in Bows
  6929 | D:9      | Reached XP level 10. HP: 79/79 MP: 10/10
  6934 | D:9      | Reached skill level 1 in Evocations
  6990 | D:9      | XOM: divination: detect creatures
  7047 | D:8      | XOM: medium Pois miscast
  7157 | D:9      | XOM: confuse monster(s)
  7169 | D:9      | XOM: blink monster(s)
  7286 | D:9      | Found a staircase to the Lair.
  7286 | D:9      | XOM: enchant monster (good)
  7294 | D:9      | XOM: smoke on damage
  7475 | D:9      | XOM: enchant monster (good)
  7534 | D:9      | Noticed an unseen horror
  7552 | D:9      | XOM: divination: detect creatures
  7553 | D:9      | Reached skill level 7 in Bows
  7560 | D:9      | XOM: enchant monster (bad)
  7563 | D:9      | Killed an unseen horror
  7665 | D:9      | XOM: swap monsters
  7756 | D:9      | XOM: medium Hex miscast
  7846 | D:9      | Found a burning altar of Makhleb.
  7945 | D:10     | Entered Level 10 of the Dungeon
  7983 | D:10     | XOM: harmless Air miscast
  7989 | D:10     | Reached skill level 8 in Bows
  8109 | D:9      | XOM: harmless Fire miscast
  8117 | D:10     | Noticed Erolcha
  8120 | D:10     | XOM: 1-stop teleportation journey
  8190 | D:10     | Killed Erolcha
  8190 | D:10     | Reached skill level 5 in Staves
  8278 | D:10     | Noticed a cyan ugly thing
  8294 | D:10     | XOM: potion effect (agility)
  8296 | D:10     | XOM: enchant monster (bad)
  8371 | Orc:1    | Entered Level 1 of the Orcish Mines
  8392 | Orc:1    | Found Ostiesor's Gadget Emporium.
  8398 | D:9      | XOM: blink monster(s)
  8500 | Lair:1   | Entered Level 1 of the Lair of Beasts
  8535 | Lair:1   | Reached skill level 10 in Fighting
  8584 | Lair:1   | XOM: 2-stop teleportation journey
  8626 | Lair:2   | XOM: 2-stop teleportation journey
  8671 | Lair:2   | Reached XP level 11. HP: 86/86 MP: 14/14
  8745 | Lair:2   | XOM: 3-stop teleportation journey
  8785 | Lair:2   | Found a labyrinth entrance.
  8820 | Lab      | Entered a labyrinth
  8857 | Lab      | XOM: silly message
  9041 | Lab      | Reached skill level 9 in Bows
  9044 | Lab      | XOM: chaos cloud
  9310 | Lab      | Noticed an unseen horror
  9311 | Lab      | XOM: enchant monster (bad)
  9313 | Lab      | XOM: noise
  9315 | Lab      | XOM: harmless Divn miscast
  9318 | Lab      | XOM: mild Divn miscast
  9319 | Lab      | Noticed a minotaur
  9320 | Lab      | XOM: butterfly on damage
  9326 | Lab      | XOM: smoke on damage
  9667 | Lab      | XOM: potion effect (berserk rage)
  9810 | Lab      | XOM: enchant monster (bad)
  9859 | Lab      | Killed an unseen horror
  9859 | Lab      | Reached skill level 5 in Evocations
  9868 | Lab      | XOM: enchant monster (good)
  9870 | Lab      | HP: 4/90 [minotaur/spear (8)]
  9880 | Lab      | Killed a minotaur
  9948 | Lab      | XOM: mild Hex miscast
  9957 | Lab      | Identified the Grimoire of the Ghastly Rocks
  9957 | Lab      | Identified the Collected Works on Helpful Beguiling
  9957 | Lab      | Identified the Grimoire of Creative Arcane Weapons
 10021 | Lair:2   | XOM: 2-stop teleportation journey
 10604 | Lair:2   | XOM: confuse monster(s)
 10750 | Lair:3   | XOM: cast spell 'Summon Ice Beast'
 10766 | Lair:3   | XOM: noise
 10782 | Lair:3   | Reached skill level 10 in Bows
 10934 | Lair:3   | XOM: harmless Chrm miscast
 10950 | Lair:3   | XOM: potion effect (haste)
 10956 | Lair:3   | XOM: harmless Air miscast
 11071 | Lair:2   | XOM: divination: detect creatures
 11223 | Lair:3   | XOM: potion effect (haste)
 11265 | Lair:3   | Cast into level 2 of the Abyss (Xom)
 11331 | Abyss:2  | Noticed a thrashing horror
 11378 | Abyss:2  | Noticed a thrashing horror
 11481 | Abyss:2  | Noticed a thrashing horror
 11486 | Abyss:2  | XOM: summons friendly iron imp
 11493 | Abyss:2  | XOM: torment (41/90 hp)
 11495 | Abyss:2  | XOM: polymorph scorpion -> wyvern
 11496 | Abyss:2  | XOM: fake destruction
 11649 | Abyss:2  | XOM: god gift: chunky hardcover book {god gift}
 11678 | Abyss:2  | Noticed a starcursed mass
 11736 | Abyss:2  | Noticed a large abomination
 11737 | Abyss:2  | XOM: give mutations
 11737 | Abyss:2  | Gained mutation: Your system is resistant to poisons. [Xom's grace]
 11737 | Abyss:2  | Gained mutation: You are surrounded by a mild repulsion field (EV +2). [Xom's grace]
 11737 | Abyss:2  | Gained mutation: You are partially covered in yellow scales (AC +2). [Xom's grace]
 11737 | Abyss:2  | Gained mutation: Your flesh is heat resistant. [Xom's grace]
 11744 | Abyss:2  | XOM: mild Necr miscast
 11749 | Abyss:2  | XOM: harmless Erth miscast
 11782 | Abyss:2  | Got a steaming brass ring
 11785 | Abyss:2  | Got a slimy rapier
 11792 | Abyss:2  | Identified the ring "Qonups" {*Confuse rF++ MP+9 Slay+3 Stlth+} (You found it on level 2 of the Abyss)
 11793 | Abyss:2  | Identified the +7 rapier "Udghiystu" {venom, rF+ rN+ Dex+3} (You found it on level 2 of the Abyss)
 11806 | Abyss:2  | Noticed a rakshasa
 11806 | Abyss:2  | Noticed a wretched star
 11808 | Abyss:2  | Noticed a tentacled starspawn
 11812 | Abyss:2  | Gained mutation: Your body sometimes deteriorates upon taking damage. [mutagenic glow]
 11820 | Abyss:2  | Noticed a wretched star
 11824 | Abyss:2  | Noticed a thrashing horror
 11825 | Abyss:2  | Noticed a thrashing horror
 11827 | Abyss:2  | XOM: destruction
 11865 | Abyss:2  | Found a corrupted altar of Lugonu.
 11900 | Abyss:2  | Gained mutation: You expend magic power (3 MP) to strengthen your wands. [mutagenic glow]
 11905 | Abyss:2  | Noticed an Executioner
 11905 | Abyss:2  | Found a corrupted altar of Lugonu.
 11909 | Abyss:2  | Noticed a large abomination
 11923 | Lair:3   | Escaped the Abyss
 11943 | Lair:3   | XOM: summons 5 hostile demons
 11958 | Lair:3   | Gained mutation: You are dopey. (Int -2) [mutagenic glow]
 11991 | Lair:2   | Gained mutation: Your body often deteriorates upon taking damage. [mutagenic glow]
 12033 | Lair:2   | Gained mutation: You are weak. (Str -2) [mutagenic glow]
 12094 | Lair:4   | Noticed an eight-headed hydra
 12119 | Lair:5   | Reached skill level 1 in Short Blades
 12119 | Lair:5   | Reached XP level 12. HP: 63/97 MP: 16/16
 12192 | Lair:4   | XOM: enchant monster (bad)
 12195 | Lair:4   | Noticed a catoblepas
 12195 | Lair:4   | an eight-headed hydra changed into a catoblepas
 12195 | Lair:4   | XOM: polymorph eight-headed hydra -> catoblepas
 12208 | Lair:4   | XOM: stat loss: -1 Dex (18/19)
 12218 | Lair:4   | HP: 1/97 [catoblepas (17)]
 12220 | Lair:4   | XOM: god gift: meat ration
 12236 | Lair:3   | XOM: blink monster(s)
 12423 | Lair:3   | Found a staircase to the Snake Pit.
 12462 | Lair:3   | XOM: swap monsters
 12503 | Lair:4   | Reached skill level 5 in Armour
 12528 | Lair:4   | XOM: swap monsters
 12639 | Lair:4   | XOM: harmless Ice miscast
 12709 | Lair:4   | Noticed Rupert
 12789 | Lair:5   | XOM: mild Erth miscast
 12938 | Lair:5   | Gained mutation: You are partially covered in thin metallic scales (AC +2). [potion of beneficial mutation]
 12939 | Lair:5   | Lost mutation: Your spells are a little easier to cast, but a little less powerful. [potion of beneficial mutation]
 13004 | Lair:5   | XOM: medium Air miscast
 13008 | Lair:5   | XOM: confuse monster(s)
 13023 | Lair:5   | Reached skill level 5 in Dodging
 13052 | Lair:5   | XOM: enchant monster (good)
 13130 | Lair:5   | XOM: noise
 13164 | Lair:5   | XOM: give mutations
 13164 | Lair:5   | Lost mutation: You are surrounded by a mild repulsion field (EV +2). [Xom's mischief]
 13164 | Lair:5   | Lost mutation: You are frail (-10% HP). [Xom's mischief]
 13807 | Lair:6   | Reached skill level 11 in Bows
 13887 | Lair:4   | Killed Rupert
 13887 | Lair:4   | Reached skill level 5 in Short Blades
 14099 | Lair:4   | XOM: swap monsters
 14100 | Lair:4   | XOM: enchant monster (good)
 14186 | Lair:4   | XOM: enchant monster (good)
 14297 | Lair:4   | XOM: god gift: 12 arrows
 14430 | Lair:4   | XOM: swap monsters
 14431 | Lair:4   | XOM: 1-stop teleportation journey
 14510 | Lair:4   | XOM: enchant monster (bad)
 14529 | Lair:4   | XOM: blink monster(s)
 14533 | Lair:4   | Killed a catoblepas
 14533 | Lair:4   | Reached XP level 13. HP: 108/116 MP: 17/17
 14702 | Lair:4   | XOM: scenery: create altars
 14724 | Lair:4   | XOM: noise
 14921 | Lair:6   | XOM: polymorph blink frog -> komodo dragon
 14927 | Lair:6   | XOM: enchant monster (good)
 14945 | Lair:6   | XOM: colour smoke trail
 15022 | Lair:6   | Found a staircase to the Swamp.
 15064 | Lair:6   | XOM: enchant monster (good)
 15098 | Lair:6   | XOM: snakes to sticks
 15150 | Lair:6   | XOM: mild Divn miscast
 15165 | Lair:6   | XOM: noise
 15324 | Lair:6   | XOM: potion effect (berserk rage)
 15379 | Lair:6   | XOM: vitrification
 15540 | Lair:6   | Found a viscous altar of Jiyva.
 15540 | Lair:6   | Found a staircase to the Slime Pits.
 15634 | Lair:6   | XOM: medium Pois miscast
 15637 | Lair:6   | XOM: swap monsters
 15688 | Lair:6   | XOM: give mutation
 15688 | Lair:6   | Lost mutation: You are weak. (Str -2) [Xom's mischief]
 15968 | Lair:7   | XOM: blink monster(s)
 16056 | Lair:7   | XOM: summons 4 hostile shadow creatures
 16088 | Lair:7   | XOM: mild Chrm miscast
 16091 | Lair:7   | XOM: enchant monster (good)
 16094 | Lair:7   | XOM: summons friendly white imp
 16248 | Lair:7   | XOM: summons friendly crimson imp
 16261 | Lair:7   | XOM: scenery: create altars
 16548 | Lair:7   | XOM: confuse monster(s)
 16550 | Lair:7   | Noticed Kirke
 16555 | Lair:7   | XOM: polymorph worker ant -> giant frog
 16568 | Lair:7   | Killed Kirke
 16670 | Lair:7   | XOM: mild Trmt miscast
 16690 | Lair:7   | XOM: confuse monster(s)
 16694 | Lair:7   | XOM: confuse monster(s)
 16875 | Lair:7   | XOM: give mutations
 16875 | Lair:7   | Gained mutation: You are mostly covered in thin metallic scales (AC +3). [Xom's mischief]
 16875 | Lair:7   | Lost mutation: Your flesh is heat resistant. [Xom's mischief]
 16875 | Lair:7   | Lost mutation: You expend magic power (3 MP) to strengthen your wands. [Xom's mischief]
 16902 | Lair:7   | XOM: polymorph black mamba -> troll
 17108 | Lair:7   | XOM: summons 6 hostile demons
 17129 | Lair:7   | XOM is BORED!
 17129 | Lair:7   | XOM: torment (66/118 hp)
 17221 | Lair:8   | Entered Level 8 of the Lair of Beasts
 17241 | Lair:8   | XOM: confuse monster(s)
 17278 | Lair:8   | XOM: harmless Necr miscast
 17302 | Lair:8   | XOM: enchant monster (good)
 17317 | Lair:8   | Reached XP level 14. HP: 63/126 MP: 19/19
 17555 | Lair:8   | XOM: medium Necr miscast
 17764 | Lair:8   | XOM: enchant monster (bad)
 17794 | Lair:8   | Noticed a ghost moth
 17794 | Lair:8   | a death yak changed into a ghost moth
 17794 | Lair:8   | XOM: polymorph death yak -> ghost moth
 17802 | Lair:8   | XOM: fog
 17803 | Lair:8   | XOM: smoke on damage
 17811 | Lair:8   | Killed a ghost moth
 17916 | Lair:8   | XOM: swap monsters
 17937 | Lair:8   | Gained mutation: You have a beak for a mouth. [potion of beneficial mutation]
 17977 | Lair:8   | XOM: scenery: create altars
 18072 | Lair:8   | Lost mutation: Your body often deteriorates upon taking damage. [potion of cure mutation]
 18072 | Lair:8   | Lost mutation: You possess an exceptional clarity of mind. [potion of cure mutation]
 18072 | Lair:8   | Lost mutation: Your movements are slightly less encumbered by armour (ER -2). [potion of cure mutation]
 18072 | Lair:8   | Lost mutation: Your body sometimes deteriorates upon taking damage. [potion of cure mutation]
 18125 | Lair:8   | XOM: summons 12 friendly demons
 18189 | Lair:8   | XOM: snakes to sticks
 18234 | Lair:8   | XOM: 7-stop teleportation journey
 18248 | Lair:8   | XOM: polymorph wyvern -> crocodile
 18303 | Lair:8   | XOM: mild Summ miscast
 18471 | Lair:8   | XOM: mild Necr miscast
 18617 | Lair:8   | XOM: harmless Necr miscast
 18618 | Lair:8   | Gained mutation: Your flesh is cold resistant. [potion of beneficial mutation]
 18716 | Lair:8   | XOM: cast spell 'Dispersal'
 18723 | Lair:8   | XOM: medium Divn miscast
 18843 | Lair:8   | XOM: summons 3 hostile shadow creatures
 18928 | Lair:8   | XOM: blink monster(s)
 18934 | Lair:8   | XOM: divination: magic mapping
 19295 | Lair:8   | XOM: divination: detect items
 19297 | Lair:8   | XOM: divination: detect creatures
 19648 | Lair:1   | XOM: harmless Summ miscast
 19655 | Lair:1   | XOM: divination: detect creatures
 20290 | D:9      | XOM: harmless Tloc miscast
 20360 | D:10     | XOM: harmless Trmt miscast
 20385 | D:10     | XOM: divination: detect creatures
 20410 | D:10     | XOM: enchant monster (good)
 20420 | D:10     | XOM: confuse monster(s)
 20452 | D:10     | XOM is BORED!
 20452 | D:10     | XOM: noise
 20650 | D:10     | Found Ivijofim's Armour Shop.
 20660 | D:10     | Bought a +2 cloak for 214 gold pieces
 20916 | D:11     | Got a shimmering leather armour
 20918 | D:11     | Identified the +1 leather armour of Sif Muna's Hatred {Dex+3 Slay+3} (You found it on level 11 of the Dungeon)
 21172 | D:11     | XOM: confuse monster(s)
 21268 | D:11     | Noticed Maurice
 21275 | D:11     | Killed Maurice
 21620 | D:11     | XOM: god gift: garnet ring {god gift}
 21658 | D:12     | XOM is BORED!
 21658 | D:12     | XOM: 1-stop teleportation journey
 21714 | D:12     | Reached skill level 10 in Short Blades
 21723 | D:12     | XOM: harmless Trmt miscast
 21810 | D:12     | XOM: destruction
 21910 | D:12     | Noticed Psyche
 21918 | D:12     | Killed Psyche
 21953 | D:12     | Noticed Frances
 21979 | D:12     | Killed Frances
 22146 | D:12     | Found a stormy altar of Qazlal.
 22151 | D:12     | XOM: potion effect (haste)
 22431 | D:12     | XOM: summons 3 friendly demons
 22436 | D:12     | Reached XP level 15. HP: 135/135 MP: 21/21
 22491 | D:12     | XOM is BORED!
 22491 | D:12     | XOM: give mutation
 22491 | D:12     | Gained mutation: You are weak. (Str -2) [Xom's mischief]
 22695 | D:13     | XOM: summons 2 hostile demons
 22869 | D:13     | XOM: medium Ice miscast
 22927 | D:13     | XOM: chaos upgrade
 23233 | D:13     | XOM: medium Ice miscast
 23405 | D:13     | XOM: give mutations
 23405 | D:13     | Lost mutation: You are dopey. (Int -2) [Xom's mischief]
 23405 | D:13     | Lost mutation: Your flesh is cold resistant. [Xom's mischief]
 23405 | D:13     | Gained mutation: You are dopey. (Int -2) [Xom's mischief]
 23405 | D:13     | Lost mutation: You are dopey. (Int -2) [Xom's mischief]
 23925 | D:14     | Reached skill level 12 in Bows
 23943 | D:14     | XOM: chaos upgrade
 23962 | D:14     | Noticed Nessos
 23967 | D:14     | XOM: noise
 23974 | D:14     | Noticed Nessos
 23974 | D:14     | Nessos changed into Nessos the glowing shapeshifter
 23974 | D:14     | XOM: polymorph Nessos -> Nessos the glowing shapeshifter
 23976 | D:14     | Noticed Nessos
 23976 | D:14     | Nessos the glowing shapeshifter changed into Nessos the wolf spider
 23977 | D:14     | Killed Nessos the wolf spider
 24091 | D:14     | Noticed Azrael
 24091 | D:14     | XOM: cast spell 'Leda's Liquefaction'
 24103 | D:14     | XOM: confuse monster(s)
 24106 | D:14     | XOM: confusion
 24112 | D:14     | XOM: destruction
 24114 | D:14     | XOM: polymorph yaktaur -> mana viper
 24118 | D:14     | XOM: smoke on damage
 24126 | D:14     | Killed Azrael
 24128 | D:14     | XOM: swap monsters
 24174 | D:14     | Found a gate to the Vaults.
 24254 | D:14     | XOM: medium Conj miscast
 24330 | D:14     | XOM: harmless Divn miscast
 24333 | D:14     | XOM: god gift: gnarled smoking staff {god gift}
 24693 | D:14     | XOM: cast spell 'Ice Form'
 24724 | D:14     | XOM: confuse monster(s)
 24730 | D:14     | XOM: polymorph slime creature -> glowing shapeshifter
 24734 | D:14     | XOM: potion effect (heal wounds)
 24736 | D:14     | XOM: scenery: create altars
 24840 | D:15     | Entered Level 15 of the Dungeon
 24849 | D:15     | XOM: harmless Pois miscast
 25003 | D:15     | XOM: cast spell 'Ring of Flames'
 25021 | D:15     | XOM: divination: detect items
 25192 | D:15     | Found a staircase to the Depths.
 25235 | D:15     | XOM: confuse monster(s)
 25237 | D:15     | XOM: divination: magic mapping
 25299 | D:15     | Identified the Disquisition on Earth and Ignition
 25529 | D:15     | XOM: confuse monster(s)
 25784 | D:15     | Reached skill level 13 in Bows
 25839 | D:15     | XOM: enchant monster (good)
 25953 | D:15     | XOM: cast spell 'Leda's Liquefaction'
 25962 | D:15     | Reached skill level 10 in Evocations
 26148 | D:15     | XOM: cast spell 'Metabolic Englaciation'
 26218 | D:15     | XOM: harmless Erth miscast
 26255 | D:15     | XOM is BORED!
 26255 | D:15     | XOM: summons 2 hostile demons
 26314 | D:11     | XOM: stat loss: -1 Str (13/14)
 26492 | Orc:1    | XOM: destruction
 26501 | Orc:1    | Found Zoegriaq's Gadget Shop.
 26507 | Orc:1    | Found Qemi's Antique Weapon Shoppe.
 26565 | Orc:1    | XOM: destruction
 26569 | Orc:1    | XOM: polymorph orc knight -> faun
 26851 | Orc:2    | Entered Level 2 of the Orcish Mines
 26876 | Orc:2    | XOM: harmless Summ miscast
 26890 | Orc:2    | Found Oloff's General Store.
 26898 | Orc:2    | Found a roughly hewn altar of Beogh.
 27016 | Orc:2    | Found a roughly hewn altar of Beogh.
 27217 | Orc:2    | Found a roughly hewn altar of Beogh.
 27267 | Orc:2    | Found a staircase to the Elven Halls.
 27315 | Orc:2    | Found a roughly hewn altar of Beogh.
 27331 | Orc:2    | XOM: summons 7 hostile demons
 27346 | Orc:1    | XOM: smoke on damage
 27351 | Orc:1    | XOM: chaos upgrade
 27356 | Orc:1    | Found Weabloh's Jewellery Shoppe.
 27366 | Orc:1    | XOM: harmless Fire miscast
 27576 | Orc:1    | Found Xiqos's Food Shoppe.
 27590 | Orc:1    | XOM: colour smoke trail
 27641 | Orc:2    | Paralysed by an orc sorcerer for 4 turns
 27699 | Orc:2    | Found Beunorau's Weapon Shoppe.
 27777 | Orc:2    | Found a roughly hewn altar of Beogh.
 27873 | Orc:2    | Found a roughly hewn altar of Beogh.
 27873 | Orc:2    | Found Laguasao's Antique Weapon Shop.
 27997 | Orc:2    | XOM: blink monster(s)
 28013 | Orc:2    | Noticed an orc warlord
 28052 | Orc:2    | Killed an orc warlord
 28052 | Orc:2    | Reached XP level 16. HP: 143/145 MP: 23/23
 28052 | Orc:2    | XOM: confusion
 28209 | Orc:2    | Found Teklous's Antique Weapon Shoppe.
 28211 | Orc:2    | Found a roughly hewn altar of Beogh.
 28216 | Orc:2    | Found Egoc's Antique Armour Emporium.
 28235 | Orc:2    | Bought a warped chain mail for 294 gold pieces
 28235 | Orc:2    | Bought a scorched chain mail for 294 gold pieces
 28245 | Orc:2    | Identified the +3 chain mail of Quantum Leap {rElec Int+2} (You bought it in a shop on level 2 of the Orcish Mines)
 28246 | Orc:2    | Identified the +6 chain mail of Classification {*Drain Str-5 Int+8 Dex+2} (You bought it in a shop on level 2 of the Orcish Mines)
 28275 | Orc:2    | Found a roughly hewn altar of Beogh.
 28378 | Elf:1    | Entered Level 1 of the Elven Halls
 28383 | Elf:1    | XOM: scenery: create altars
 28384 | Elf:1    | Reached skill level 14 in Bows
 28385 | Elf:1    | XOM: confusion (+ monsters)
 28386 | Elf:1    | XOM: harmless Chrm miscast
 28389 | Elf:1    | XOM: divination: detect items
 28500 | Elf:1    | Found Buqar's Magic Scroll Shoppe.
 28503 | Elf:1    | Bought a scroll of acquirement for 624 gold pieces
 28503 | Elf:1    | Bought a scroll of acquirement for 624 gold pieces
 28664 | Elf:1    | XOM: mild Tloc miscast
 28672 | Elf:1    | XOM: harmless Summ miscast
 28729 | Elf:1    | XOM: harmless Hex miscast
 28778 | Elf:1    | XOM: noise
 28844 | Elf:1    | XOM: give mutations
 28844 | Elf:1    | Lost mutation: Your system is resistant to poisons. [Xom's mischief]
 28844 | Elf:1    | Lost mutation: You tend to lose your temper in combat. [Xom's mischief]
 28874 | Elf:1    | XOM: stat loss: -1 Str (14/15)
 29082 | Elf:1    | Noticed Nikola
 29427 | Lair:3   | XOM: give mutation
 29427 | Lair:3   | Gained mutation: Your body sometimes deteriorates upon taking damage. [Xom's mischief]
 29456 | Lair:3   | XOM: polymorph hippogriff -> troll
 29511 | Lair:5   | XOM: harmless Tloc miscast
 29529 | Lair:5   | XOM: mild Erth miscast
 29542 | Swamp:1  | Entered Level 1 of the Swamp
 29826 | Swamp:1  | XOM: mild Tloc miscast
 29969 | Swamp:1  | Reached skill level 15 in Bows
 30005 | Swamp:1  | XOM: noise
 30011 | Swamp:1  | XOM: summons 5 hostile demons
 30015 | Swamp:1  | XOM: stat loss: -1 Dex (19/20)
 30041 | Swamp:1  | XOM: summons 2 hostile shadow creatures
 30304 | Swamp:1  | XOM: harmless Hex miscast
 30433 | Swamp:1  | XOM: enchant monster (good)
 30465 | Swamp:1  | XOM: enchant monster (good)
 30629 | Swamp:1  | XOM: summons 5 hostile shadow creatures
 30902 | Swamp:1  | XOM: polymorph spiny frog -> harpy
 30988 | Swamp:2  | XOM: polymorph five-headed hydra -> satyr
 30994 | Swamp:2  | XOM: summons 15 friendly demons
 31115 | Swamp:2  | XOM: polymorph swamp worm -> great orb of eyes
 31207 | Swamp:2  | Gained mutation: You are frail (-10% HP). [potion of mutation]
 31207 | Swamp:2  | Gained mutation: Your system is resistant to poisons. [potion of mutation]
 31282 | Swamp:2  | Reached skill level 16 in Bows
 31340 | Swamp:2  | XOM: 3-stop teleportation journey
 31354 | Swamp:2  | XOM: 2-stop teleportation journey
 31377 | Swamp:2  | XOM: mild Divn miscast
 31746 | Swamp:2  | XOM is BORED!
 31746 | Swamp:2  | XOM: mild Fire miscast
 31750 | Swamp:3  | XOM: harmless Necr miscast
 32027 | Swamp:3  | XOM: harmless Fire miscast
 32049 | Swamp:3  | XOM: mild Divn miscast
 32295 | Swamp:3  | XOM: divination: detect items
 32301 | Swamp:3  | XOM: smoke on damage
 32662 | Swamp:4  | Entered Level 4 of the Swamp
 32814 | Swamp:4  | XOM: fake destruction
 32939 | Swamp:4  | XOM: noise
 32950 | Swamp:4  | XOM: enchant monster (bad)
 32988 | Swamp:4  | Reached skill level 10 in Armour
 32994 | Swamp:4  | XOM: cast spell 'Leda's Liquefaction'
 33016 | Swamp:4  | Reached XP level 17. HP: 116/138 MP: 24/24
 33118 | Swamp:4  | XOM: confusion
 33424 | Swamp:4  | Reached skill level 17 in Bows
 33425 | Swamp:4  | XOM: summons friendly crimson imp
 33767 | Swamp:4  | Reached skill level 15 in Fighting
 33780 | Swamp:4  | XOM: harmless Chrm miscast
 33805 | Swamp:4  | XOM: colour smoke trail
 33873 | Swamp:4  | XOM: god gift: 21 gold pieces
 33936 | Swamp:4  | Got a decaying rune of Zot
 34152 | Swamp:4  | XOM: 1-stop teleportation journey
 34229 | Swamp:4  | Upgraded the game from 0.18-a0-1805-g8ab820f to 0.19-a0
 34419 | Snake:1  | Entered Level 1 of the Snake Pit
 34659 | Snake:1  | XOM: snakes to sticks
 34690 | Snake:1  | XOM: scenery: create altars
 34845 | Lair:1   | XOM: harmless Fire miscast
 34935 | Snake:1  | XOM: fake destruction
 35175 | Snake:1  | XOM: destruction
 35210 | Snake:1  | Noticed Asterion
 35225 | Snake:1  | Killed Asterion
 35260 | Snake:1  | XOM: vitrification
 35290 | Snake:1  | Found Mytahe Cicaa's General Store.
 35346 | Snake:1  | Bought a potion of heal wounds for 85 gold pieces
 35717 | Snake:2  | Reached skill level 18 in Bows
 35894 | Snake:2  | XOM: harmless Erth miscast
 35920 | Snake:2  | XOM: god gift: 1260 gold pieces
 36057 | Snake:2  | XOM: god gift: war axe {god gift}
 36257 | Snake:2  | XOM: god gift: scroll of fear
 36478 | Snake:3  | XOM: mild Pois miscast
 36546 | Snake:3  | XOM: colour smoke trail
 36692 | Snake:3  | Found a shadowy altar of Dithmenos.
 36765 | Snake:3  | XOM is BORED!
 36765 | Snake:3  | XOM: noise
 36815 | Snake:3  | XOM: mild Hex miscast
 37053 | Snake:3  | XOM: harmless Hex miscast
 37090 | Snake:3  | XOM: medium Fire miscast
 37096 | Snake:3  | XOM: harmless Trmt miscast
 37171 | Snake:3  | XOM: god gift: lumpy peridot amulet {god gift}
 37374 | Snake:4  | Entered Level 4 of the Snake Pit
 37399 | Snake:4  | XOM: polymorph black mamba -> yak
 37555 | Snake:4  | XOM: swap monsters
 37563 | Snake:4  | XOM: 2-stop teleportation journey
 37625 | Snake:4  | XOM: give mutation
 37625 | Snake:4  | Gained mutation: You evolve. [Xom's grace]
 37626 | Snake:4  | XOM: swap monsters
 37904 | Snake:4  | Reached skill level 19 in Bows
 37959 | Snake:4  | XOM: enchant monster (good)
 38074 | Snake:4  | XOM: polymorph sea snake -> snapping turtle
 38077 | Snake:4  | Reached XP level 18. HP: 54/149 MP: 25/25
 38457 | Snake:4  | Lost mutation: Your body sometimes deteriorates upon taking damage. [evolution]
 39054 | Snake:4  | XOM: scenery: create altars
 39172 | Snake:4  | XOM: vitrification
 39203 | Snake:4  | XOM: colour smoke trail
 39449 | Snake:4  | XOM: give mutations
 39449 | Snake:4  | Gained mutation: Your movements are slightly less encumbered by armour (ER -2). [Xom's mischief]
 39449 | Snake:4  | Lost mutation: You are frail (-10% HP). [Xom's mischief]
 39449 | Snake:4  | Lost mutation: Your system is resistant to poisons. [Xom's mischief]
 39449 | Snake:4  | Lost mutation: You have supernaturally acute eyesight. [Xom's mischief]
 39648 | Snake:4  | XOM: give mutations
 39648 | Snake:4  | Lost mutation: Your movements are slightly less encumbered by armour (ER -2). [Xom's mischief]
 39648 | Snake:4  | Lost mutation: You are partially covered in yellow scales (AC +2). [Xom's mischief]
 39648 | Snake:4  | Gained mutation: Scrolls take you a little longer to read. [Xom's mischief]
 39700 | Snake:4  | Reached skill level 20 in Bows
 39797 | Snake:4  | Got a serpentine rune of Zot
 39938 | Lair:3   | XOM: confusion (+ monsters)
 39949 | Lair:3   | XOM: confusion
 40188 | Vaults:1 | Entered Level 1 of the Vaults
 40256 | Vaults:1 | XOM: colour smoke trail
 40398 | Vaults:1 | XOM: noise
 40407 | Vaults:1 | XOM: polymorph green ugly thing -> queen ant
 40413 | Vaults:1 | XOM: severe Ice miscast
 40473 | D:14     | XOM: harmless Tloc miscast
 40514 | Vaults:1 | XOM: enchant monster (bad)
 40676 | Vaults:1 | XOM: 1-stop teleportation journey
 40816 | Vaults:1 | XOM: blink monster(s)
 40821 | Vaults:1 | XOM: enchant monster (bad)
 40930 | Vaults:1 | Found Qeulaf's Distillery.
 40941 | Vaults:1 | Bought a potion of heal wounds for 95 gold pieces
 40941 | Vaults:1 | Bought a potion of experience for 950 gold pieces
 40941 | Vaults:1 | Reached XP level 19. HP: 174/174 MP: 26/26
 41048 | Vaults:1 | XOM: give mutations
 41048 | Vaults:1 | Gained mutation: Your body sometimes deteriorates upon taking damage. [Xom's mischief]
 41048 | Vaults:1 | Lost mutation: You are mostly covered in thin metallic scales (AC +3). [Xom's mischief]
 41415 | Vaults:1 | XOM: stat loss: -1 Int (10/11)
 41600 | Vaults:1 | XOM: summons 4 hostile shadow creatures
 41615 | Vaults:1 | XOM: smoke on damage
 41837 | Vaults:1 | XOM: polymorph ironheart preserver -> apis
 42024 | Vaults:1 | Reached skill level 21 in Bows
 42027 | Vaults:1 | XOM: give mutations
 42027 | Vaults:1 | Gained mutation: Scrolls take you longer to read. [Xom's mischief]
 42027 | Vaults:1 | Gained mutation: Your body often deteriorates upon taking damage. [Xom's mischief]
 42027 | Vaults:1 | Lost mutation: Scrolls take you longer to read. [Xom's mischief]
 42027 | Vaults:1 | Lost mutation: Your body often deteriorates upon taking damage. [Xom's mischief]
 42303 | Vaults:1 | XOM: give mutations
 42303 | Vaults:1 | Lost mutation: You are weak. (Str -2) [Xom's mischief]
 42303 | Vaults:1 | Lost mutation: You evolve. [Xom's mischief]
 42303 | Vaults:1 | Gained mutation: Scrolls take you longer to read. [Xom's mischief]
 42392 | Vaults:1 | XOM: mild Tloc miscast
 42484 | Vaults:1 | XOM: harmless Divn miscast
 42490 | Vaults:1 | XOM: enchant monster (bad)
 42522 | Vaults:1 | XOM: summons friendly white imp
 42548 | Vaults:1 | XOM: harmless Erth miscast
 42854 | Vaults:1 | XOM: god gift: pair of boots {god gift}
 43202 | Vaults:2 | Found Tifin's Gadget Boutique.
 43256 | Vaults:2 | Reached XP level 20. HP: 180/183 MP: 27/27
 43257 | Vaults:2 | XOM: god gift: 16 arrows
 43402 | Vaults:2 | XOM: god gift: beef jerky
 43417 | Vaults:2 | Found a staircase to the Crypt.
 43515 | Vaults:2 | Found Teucw's Assorted Antiques.
 43522 | Vaults:2 | Bought a pair of embroidered gloves for 112 gold pieces
 43633 | Vaults:2 | XOM: medium Fire miscast
 43856 | Vaults:2 | XOM: severe Necr miscast
 44510 | Vaults:2 | XOM is BORED!
 44510 | Vaults:2 | XOM: give mutation
 44510 | Vaults:2 | Gained mutation: You are frail (-10% HP). [Xom's mischief]
 44670 | Vaults:2 | XOM: summons 5 hostile demons
 45005 | Vaults:3 | XOM: torment (84/165 hp)
 45198 | Vaults:3 | Reached skill level 22 in Bows
 45198 | Vaults:3 | Reached XP level 21. HP: 171/171 MP: 28/28
 45287 | Vaults:3 | XOM: give mutation
 45287 | Vaults:3 | Lost mutation: You are frail (-10% HP). [Xom's mischief]
 45451 | Vaults:3 | XOM: severe Fire miscast
 45512 | Vaults:3 | XOM: 1-stop teleportation journey
 45676 | Vaults:3 | XOM: chaos cloud
 45795 | Vaults:3 | XOM: medium Fire miscast
 45921 | Vaults:3 | Got a fine scale mail
 45958 | Vaults:2 | Identified the +1 scale mail of Dim Light {rElec MR- Int+4} (You found it on level 3 of the Vaults)
 45983 | Vaults:3 | XOM: chaos upgrade
 46023 | Vaults:3 | XOM: divination: magic mapping
 46465 | Vaults:3 | Gained mutation: You are clumsy. (Dex -2) [mutagenic meat]
 46466 | Vaults:3 | Lost mutation: You are partially covered in thin metallic scales (AC +2). [mutagenic meat]
 46467 | Vaults:3 | Gained mutation: You are partially covered in slimy green scales (AC +2). [mutagenic meat]
 46468 | Vaults:3 | Gained mutation: Your spells are a little harder to cast, but a little more powerful. [mutagenic meat]
 46505 | Vaults:3 | Gained mutation: You are very clumsy. (Dex -4) [mutagenic meat]
 46506 | Vaults:3 | Gained mutation: You are frail (-10% HP). [mutagenic meat]
 46507 | Vaults:3 | Lost mutation: Your spells are a little harder to cast, but a little more powerful. [mutagenic meat]
 46580 | Vaults:3 | XOM: god gift: 13 arrows
 46599 | Vaults:3 | XOM: mild Pois miscast
 46698 | Vaults:3 | Found a portal to a secret trove of treasure.
 46934 | Vaults:4 | XOM: mild Tloc miscast
 46974 | Vaults:4 | Upgraded the game from 0.19-a0 to 0.19-a0-14-gde87d98
 47026 | Vaults:4 | Reached skill level 23 in Bows
 47186 | Vaults:4 | XOM: god gift: 62 gold pieces
 47671 | Vaults:4 | XOM: enchant monster (good)
 47702 | Vaults:4 | XOM: scenery: 2 doors open, 1 doors close
 47872 | Vaults:4 | XOM: noise
 47877 | Vaults:4 | XOM: scenery: 1 doors open
 47974 | Vaults:4 | XOM: scenery: 3 doors close
 48203 | Vaults:4 | XOM: 2-stop teleportation journey
 48407 | Vaults:4 | Cast into level 3 of the Abyss (a deep elf demonologist)
 48423 | Abyss:3  | Gained mutation: Potions and wands are less effective at restoring your health. [a neqoxec]
 48435 | Abyss:3  | Lost intelligence.
 48441 | Abyss:3  | HP: 6/174 [large abomination (4)]
 48442 | Abyss:3  | Slain by a flying skull

Vault maps used:
D:1:      shiori_arrival_oz
D:2:      serial_corexii_hall, corexii_hall_statues_i, corexii_hall_statues_l,
          corexii_hall_statues_x, corexii_hall_statues_x,
          corexii_hall_statues_s, corexii_hall_statues_i, uniq_sigmund
D:3:      lemuel_crystal_altar, first_bread, minmay_misc_feat_rows
D:4:      portal_sewer_entry_d, uniq_natasha
D:5:      elyvilon_altar_5
D:7:      nicolae_gozag_seed_capital, lemuel_coloured_pillars_altar,
          gammafunk_temple_overflow_pools, minmay_temple_entry_statues_pillars,
          grunt_ministairs_15, uniq_joseph, uniq_duvessa, uniq_menkaure
D:8:      lemuel_crystal_altar
D:9:      makhleb_grotto_becter, minmay_lair_entry_grove, orc_0_dummy,
          hangedman_tell_no_tales, hangedman_abyss_or_decor_passed
D:10:     serial_shops, shop, nicolae_wwwww, uniq_erolcha
D:11:     uniq_maurice
D:12:     basic_altar, uniq_frances, uniq_psyche
D:13:     cheibrodos_orc_bank
D:14:     david_vaults_2, serial_column_ruins, column_ruins_open_large,
          column_ruins_corridor_straight, column_ruins_grid_1,
          column_ruins_grid_4, column_ruins_columns_dead_end, uniq_nessos,
          uniq_azrael
D:15:     hangedman_depths_entry_civil_slaughter
Lair:1:   serial_bayou, serial_bayou_pond_b, serial_bayou_shore_b,
          serial_bayou_pond_c, serial_bayou_pond_a,
          nicolae_quartered_pool_little
Lair:2:   lab_entry_generic, grunt_megastairs_3, bh_autumn_forest_stairs
Lair:3:   guppyfry_snake_entry_garden, portal_ice_cave_entry_ice_beasts,
          grunt_megastairs_4
Lair:4:   uniq_rupert
Lair:6:   swamp_mist, dpeg_slime_entry_enclosed_altar, beast_lair_carwin_1
Lair:7:   minmay_another_anthill, infiniplex_staircase_pool_2, uniq_kirke
Lair:8:   hangedman_lair_tendril_chambers
Swamp:1:  hangedman_swamp_blocks
Swamp:2:  evilmike_swamp_ruin_house_6
Swamp:3:  evilmike_swamp_ruin_rubble_1
Swamp:4:  swamp_fiery
Snake:1:  serial_shops, nicolae_shop_behind_doors,
          hangedman_snake_wide_pillar_pass, hangedman_snake_corridor_split,
          uniq_asterion
Snake:2:  st_stairs_14, guppyfry_library_mini
Snake:3:  basic_altar, st_stairs_11
Snake:4:  grunt_snake_rune_pools, nicolae_snake_double_loop, grunt_megastairs_1
Orc:1:    serial_shops, shop_coins, shop_statue,
          nicolae_shop_temple_entry_statues_fountains, shop, shop
Orc:2:    grunt_orc_community_town_hall, grunt_orc_community_big_house_1,
          grunt_orc_community_big_house_1, grunt_orc_community_house_2,
          grunt_orc_community_house_3, grunt_orc_community_house_2,
          grunt_orc_community_house_3, grunt_orc_community_house_1,
          grunt_orc_community_house_3, serial_shops, nicolae_shop_trees,
          basic_altar
Elf:1:    eino_elf_arrival_sip, serial_shops, shop, minmay_elf_crystal_heptagon,
          minmay_misc_feat_pillars, uniq_nikola
Vaults:1: st_squares, vaults_room_corners, nicolae_vaults_mini_display_case,
          ontoclasm_vaults_fault, vaults_dpeg_doors, v_misc_3, v_alt_pattern_5,
          hangedman_vaults_nails, nicolae_vaults_what_the_h,
          nicolae_vaults_little_squares_2, serial_shops, shop
Vaults:2: vaults_room_mumra_shop_pool, ontoclasm_vaults_gateway,
          vaults_mumra_lcd, nicolae_vaults_murderbox,
          minmay_crypt_entry_simple_corners, vaults_room_pools, v_misc_22,
          vaults_dpeg_ring, serial_shops, shop
Vaults:3: st_diamondy, v_misc_23, hangedman_vaults_pinch, v_misc_30,
          grunt_vaults_funnel, nicolae_vaults_big_ls, v_alt_pattern_6,
          nicolae_vaults_asterisk, nicolae_trove_entry_path_of_doom
Vaults:4: vaults_room_grid, vaults_mumra_hex, ontoclasm_vaults_ring_square,
          vaults_dpeg_encased_lava, nicolae_vaults_ninety_degrees,
          hangedman_vaults_slice, hangedman_vaults_corner_blocks,
          ontoclasm_vaults_chip, st_octagons_2, hangedman_vaults_nails,
          v_misc_24, vaults_room_boxed, serial_shops, shop
Abyss:2:  evilmike_abyss_exit_12
Abyss:3:  hangedman_abyss_batty_box, hangedman_abyss_rune_macabre_mess
Lab:      labyrinth_green, nicolae_lab_big_swirl, nicolae_lab_plus,
          nicolae_lab_blocks, lab_block, nicolae_lab_grate, nicolae_lab_lava,
          nicolae_lab_starburst, labyrinth_skeletal_remains
Sewer:    sewer_co_cracked_pipes

Skill      XL: |  1  2  3  4  5  6  7  8  9 10 11 12 13 14 15 16 17 18 19 20 21 |
---------------+----------------------------------------------------------------+-----
Maces & Flails | 3 4 5 6 |  6.5
Fighting       | 4 5 6 7 8 10 11 12 13 14 15 16 17 18 | 18.0
Dodging        | 1 3 4 5 6 7 |  7.3
Armour         | 3 4 5 6 7 8 10 11 12 13 | 13.2
Bows           | 4 6 8 10 11 13 16 19 20 21 22 23 | 23.7
Staves         | 3 5 6 |  6.7
Evocations     | 4 5 6 7 8 10 | 10.5
Short Blades   | 1 5 7 10 | 10.4

Action                   |  1- 3 |  4- 6 |  7- 9 | 10-12 | 13-15 | 16-18 | 19-21 || total
-------------------------+-------+-------+-------+-------+-------+-------+-------++-------
Melee: Mace              |   131 |   195 |   186 |       |       |       |       ||   512
       Kick              |    28 |    38 |    86 |   324 |   624 |   140 |     5 ||  1245
       Quarterstaff      |       |       |    93 |   616 |       |       |       ||   709
       Flail             |       |       |    25 |       |       |       |       ||    25
       Rapier            |       |       |       |   290 |  1514 |   358 |     6 ||  2168
       Peck              |       |       |       |       |   222 |    92 |     4 ||   318
       Unarmed           |       |       |       |       |     8 |       |       ||     8
       Longbow           |       |       |       |       |       |     1 |     5 ||     6
 Fire: Shortbow          |       |       |     3 |    62 |    45 |       |       ||   110
       Longbow           |       |       |       |       |   187 |  1131 |   843 ||  2161
Evoke: Rod               |       |       |     3 |    24 |    22 |     4 |     2 ||    55
       Wand              |       |       |       |     6 |     2 |       |       ||     8
       Deck              |       |       |       |     3 |       |       |       ||     3
       Phial of floods   |       |       |       |     1 |     1 |       |       ||     2
  Use: Scroll            |       |     7 |    13 |    16 |    13 |    22 |     4 ||    75
       Potion            |       |     6 |       |    11 |     4 |     9 |    13 ||    43
 Stab: Petrified         |     1 |     2 |     2 |     2 |       |       |       ||     7
       Petrifying        |     1 |       |     2 |     7 |     2 |       |       ||    12
       Paralysed         |     2 |     1 |     1 |     8 |     2 |     2 |       ||    16
       Invisible         |       |     2 |       |       |       |       |       ||     2
       Confused          |       |       |     3 |     7 |     8 |       |       ||    18
       Distracted        |       |       |       |     2 |     4 |     1 |       ||     7
       Sleeping          |       |       |       |     1 |    11 |       |       ||    12
       Fleeing           |       |       |       |       |       |     1 |       ||     1
  Eat: Chunk             |    11 |       |    12 |    22 |    21 |    15 |    19 ||   100
       Royal jelly       |       |       |       |     7 |     1 |       |     1 ||     9
       Bread ration      |       |       |       |     5 |     3 |     1 |     1 ||    10
       Beef jerky        |       |       |       |     4 |     1 |       |     1 ||     6
       Pizza             |       |       |       |       |     1 |       |       ||     1
       Meat ration       |       |       |       |       |     2 |     3 |       ||     5
Armor: Leather armour    |    50 |    79 |       |       |   169 |   285 |   125 ||   708
       Ring mail         |       |    26 |   106 |   382 |   416 |       |       ||   930
       Skin              |       |       |       |       |     2 |       |       ||     2
Dodge: Dodged            |    59 |    70 |   102 |   628 |  1142 |   314 |   103 ||  2418
Block: Shield            |       |    54 |    55 |       |       |       |       ||   109
